 Dungeon Crawl Stone Soup version 0.17-b1-15-g0f5fb43 (webtiles) character file.

355 SlimeFever the Chopper (level 6, -1/48 HPs)
             Began as a Demonspawn Berserker on Nov 3, 2015.
             Was a Priest of Trog.
             Slain by a gnoll
             ... wielding a +0 spear
              (3 damage)
             ... on level 3 of the Dungeon.
             The game lasted 00:20:23 (2674 turns).

SlimeFever the Chopper (Demonspawn Berserker)       Turns: 2674, Time: 00:20:24

Health: -1/48      AC:  5    Str: 18    XL:     6   Next: 36%
Magic:  6/6        EV: 12    Int:  8    God:    Trog [***...]
Gold:   123        SH:  0    Dex: 14    Spells: 0 memorised, 5 levels left

rFire  . . .     SeeInvis .     a - +1 hand axe
rCold  . . .     Clarity  .     d - +0 ring mail
rNeg   . . .     SustAt   .     (no shield)
rPois  .         Gourm    .     (no helmet)
rElec  .         Spirit   .     (no cloak)
rCorr  .         Warding  .     (no gloves)
rMut   .         Stasis   .     (no boots)
MR     .....                    v - amulet of regeneration
Stlth  +.........               (no ring)
                                (no ring)

@: not resistant to hostile enchantments, very unstealthy
A: demonic guardian 1, spiny 2
a: Berserk, Trog's Hand, Burn Spellbooks, Renounce Religion


You were on level 3 of the Dungeon.
You worshipped Trog.
Trog was most pleased with you.
You were not hungry.

You visited 1 branch of the dungeon, and saw 3 of its levels.
You also visited: Sewer.

You collected 123 gold pieces.

Inventory:

Hand Weapons
 a - a +1 hand axe (weapon)
 k - a +0 hunting sling
Missiles
 e - 14 sling bullets
 o - 24 bolts
 p - 14 poisoned sling bullets
 q - 3 poisoned javelins (quivered)
 r - 45 arrows
 u - 7 needles of slowing
Armour
 d - a +0 ring mail (worn)
Jewellery
 v - an amulet of regeneration (around neck)
Scrolls
 b - a scroll of remove curse
 i - 2 scrolls of identify
 n - 2 scrolls of teleportation
 w - a scroll of enchant armour {unknown}
Potions
 g - 3 potions of heal wounds
 j - a potion of resistance {unknown}
 m - 2 potions of flight {unknown}
 s - a potion of cancellation {unknown}
 t - a potion of curing {unknown}
Books
 l - a book of Power

   Spells                             Type                      Level
   a - Fulminant Prism                Conjuration/Hexes            4
   b - Iskenderun's Mystic Blast      Conjuration                  4
   c - Venom Bolt                     Conjuration/Poison           5
   d - Bolt of Magma                  Conjuration/Fire/Earth       5
   e - Iron Shot                      Conjuration/Earth            6
   f - Orb of Destruction             Conjuration                  7
   g - Spellforged Servitor           Conjuration/Summoning        7
   Trog disapproves of the use of such an item.
Comestibles
 c - a bread ration
 f - 8 fruits
 h - 6 meat rations


   Skills:
 + Level 3.9 Fighting
 * Level 4.6 Axes
 + Level 0.1 Throwing
 + Level 2.6 Armour
 + Level 3.4 Dodging
 + Level 1.3 Stealth


You had 5 spell levels left.
You didn't know any spells.

Dungeon Overview and Level Annotations

Branches:
Dungeon (3/15)

Altars:
Ashenzari
Dithmenos
Kikubaaqudgha
Trog


Innate Abilities, Weirdness & Mutations

A weak demonic guardian rushes to your aid.
You are mostly covered in sharp spines.


Message History

The gnoll is moderately wounded.
The gnoll closely misses you. The gnoll barely misses you.
You slash the gnoll!
The gnoll is severely wounded.
The gnoll hits you with a spear.
The gnoll hits you from afar with a spear.
The gnoll hits you with a spear.
* * * LOW HITPOINT WARNING * * *
The gnoll is struck by your spines. The gnoll hits you with a spear!
* * * LOW HITPOINT WARNING * * *
Things that are here:
a club; a gnoll corpse You hit the gnoll but do no damage.
The gnoll is almost dead.
You closely miss the gnoll.
The gnoll is almost dead.
The gnoll hits you with a spear.
* * * LOW HITPOINT WARNING * * *
The gnoll hits you with a spear.
You die...

*,,,,,*'***,,,,,,,,,,,,,,*#
***#........,**+*,,.,,,,,*
#.......#,,,,*,......,*
#.<.....#*****,.......*
#.......# ######..$..*
#.......# ##...##....###
#.......###.....+.......
#......g...._...#.....#.
#......@..............#.
#.....g)..............'.
#######.....⌠.........#.
#...............#.
#...............##
##...._.........#
#......##......#
#########......# ########


You could see 2 gnolls.

Vanquished Creatures
  The ghost of Rayvis the Skirmisher, an amateur MiFi (D:3)
  A big kobold (Sewer)
  5 adders
  2 river rats (Sewer)
  4 gnolls (D:3)
  2 worms
  6 giant geckos
  A ball python (D:1)
  7 bats
  10 giant cockroaches
  7 hobgoblins
  2 jackals (Sewer)
  4 quokkas
  2 giant newts (D:3)
  7 goblins
  9 kobolds
  10 rats
80 creatures vanquished.

Notes
Turn   | Place    | Note
--------------------------------------------------------------
     0 | D:1      | SlimeFever the Demonspawn Berserker began the quest for the Orb.
     0 | D:1      | Reached XP level 1. HP: 18/18 MP: 1/1
   315 | D:1      | Gained mutation: You are partially covered in sharp spines. [demonic ancestry]
   315 | D:1      | Reached XP level 2. HP: 16/24 MP: 2/2
  1028 | D:1      | Reached XP level 3. HP: 29/29 MP: 3/3
  1063 | D:1      | Reached ** piety under Trog
  1418 | D:2      | Reached XP level 4. HP: 35/35 MP: 4/4
  1588 | D:2      | Found a shadowy altar of Dithmenos.
  2036 | D:3      | Reached skill level 4 in Axes
  2073 | D:3      | Found a bloodstained altar of Trog.
  2084 | D:3      | Noticed Rayvis's ghost (amateur MiFi)
  2110 | D:3      | Killed Rayvis's ghost
  2110 | D:3      | Gained mutation: You are mostly covered in sharp spines. [demonic ancestry]
  2110 | D:3      | Reached XP level 5. HP: 6/41 MP: 5/5
  2199 | D:3      | Reached skill level 1 in Stealth
  2222 | D:3      | Found a glowing drain.
  2238 | Sewer    | Entered a sewer
  2464 | Sewer    | Reached *** piety under Trog
  2479 | Sewer    | Gained mutation: A weak demonic guardian rushes to your aid. [demonic ancestry]
  2479 | Sewer    | Reached XP level 6. HP: 41/48 MP: 6/6
  2509 | Sewer    | Found a glowing silver altar of Zin.
  2643 | D:3      | Found an ancient bone altar of Kikubaaqudgha.
  2643 | D:3      | Found a shattered altar of Ashenzari.
  2674 | D:3      | HP: 2/48 [gnoll/spear (1)]
  2674 | D:3      | Slain by a gnoll

Action                   |  1- 3 |  4- 6 || total
-------------------------+-------+-------++-------
Melee: Hand axe          |    77 |   100 ||   177
Throw: Javelin           |       |     4 ||     4
Invok: Berserk           |       |     1 ||     1
       Trog's Hand       |       |     1 ||     1
  Use: Scroll            |     9 |     3 ||    12
 Stab: Sleeping          |     1 |     2 ||     3
  Eat: Bread ration      |       |     2 ||     2
